 Dungeon Sprint DCSS version 0.31-a0-806-g0bc164a743 (webtiles) character file.

Game seed: 14359309033876511757

26 sircluck the Ruffian (level 2, -7/32 HPs)
             Began as a Troll Berserker on Sept 21, 2023.
             Was a Believer of Trog.
             Mangled by a water elemental (16 damage)
             ... in the Dungeon (Sprint III: "The Ten Rune Challenge").
             The game lasted 00:00:42 (113 turns).

sircluck the Ruffian (Troll Berserker)               Turns: 113, Time: 00:00:42

Health: -7/32      AC:  4    Str: 24    XL:     2   Next: 89%
Magic:  1/1        EV: 10    Int:  3    God:    Trog [**....]
Gold:   35         SH:  0    Dex:  9    Spells: 1/1 levels left

rFire   . .          .
                       - Unarmed
rCold   . . .        (no shield)
rNeg    . . .        a - +0 animal skin
rPois   .            (helmet restricted)
rElec   .            (no cloak)
rCorr   .            (gloves unavailable)
SInv    .            (boots unavailable)
Will    .....        (no amulet)
Stlth   +            (no ring)
HPRegen 1.05/turn    (no ring)
MPRegen 0.07/turn

%: no teleportation
@: engulfed (cannot breathe)
A: large, unfitting armour, claws 3, regeneration 1, shaggy fur 1, tough skin 1,
horns 1, deterioration 1, sense surroundings 1, subdued magic 1
a: Renounce Religion, Berserk, Trog's Hand


You were in the Dungeon.
You worshipped Trog.
Trog was pleased with you.
You visited 1 branch You collected 35 gold pieces.

Inventory:

Armour
 a - a +0 animal skin (worn)
Scrolls
 g - a scroll of blinking
 j - 2 scrolls of immolation {unknown}
 k - a scroll of revelation {unknown}
 m - a scroll of identify {unknown}
Potions
 b - a potion of curing
 c - a potion of heal wounds
 d - a potion of haste
 e - 2 potions of magic
 f - a potion of berserk rage
 h - a potion of might {unknown}
 i - a potion of mutation
 l - 3 potions of enlightenment
 n - a potion of attraction {unknown}


   Skills:
 + Level 3.7 Fighting
 + Level 3.6 Dodging
 + Level 4.4 Unarmed Combat


You had one spell level left.
You didn't know any spells.
Your spell library was empty.

Dungeon Overview and Level Annotations

Branches:
Dungeon (1/1)

Altars:


Innate Abilities, Weirdness & Mutations

You are too large for most types of armour.
You have claws for hands.
Your natural rate of healing is unusually fast.
You are covered in fur. (AC +1)
You have tough skin. (AC +1)
You have a pair of small horns on your head.
Your body sometimes deteriorates upon taking damage.
You passively map a small area around you.
Your spells are a little easier to cast, but a little less powerful.


Message History

A pair of horns grows on your head!
Iridescent scales grow over part of your body.
You feel extremely strange.
Your iridescent scales disappear.
You no longer become unable to drink potions after taking damage.
Your connection to magic feels subdued.
You feel yourself wasting away.
You feel a strange attunement to the structure of the dungeons.
There is an open door here.
You enter the shallow water.
You open the door.
There is an open door to the Ecumenical Temple here.
You closely miss the water elemental. The water elemental hits you.
The water elemental engulfs you in water!
You claw the water elemental!
The water elemental is moderately damaged.
Your lungs strain for air!
The water elemental hits you!
You claw the water elemental!
The water elemental is severely damaged.
Your lungs strain for air!
The water elemental closely misses you.
You are too injured to fight recklessly!
You are too injured to fight recklessly!
You are too injured to fight recklessly!
You are too injured to fight recklessly!
You are too injured to fight recklessly!
You are too injured to fight recklessly!
You are too injured to fight recklessly!
You are too injured to fight recklessly!
You are too injured to fight recklessly!
You are too injured to fight recklessly!
You are too injured to fight recklessly!
You are too injured to fight recklessly!
You scratch the water elemental. You headbutt the water elemental.
The water elemental is almost destroyed.
* * * LOW HITPOINT WARNING * * *
Your lungs strain for air!
The water elemental hits you!
Ouch! That really hurt!
You die...

▓▓▓ ▓▓▓ ..♣♣♣♣ ♣.# *
.....♣ ♣.# * ...♣♣♣
♣.#, , , _
...~♣♣♣♣♣.###+#+###+##
,
..~~♣.♣♣..#.....@E...#
.~~~~♣..♣.'.⌠........#
,
.~≈≈~~~♣♣.#...######+#
* ~~≈~~~....#.⌠.# * ,
* * ~≈~~~.....#...# *
~~~.......#+### _ , *
..........# , __ , ,
*, ..........# _*_ ,
▓▓▓▓▓▓▓▓▓▓▓ * * **


You could see a water elemental.

Vanquished Creatures
  A human (D)
  A phantom (D)
  An endoplasm (D)
  3 rats (D)
6 creatures vanquished.

Notes
Turn   | Place    | Note
-------+----------+-------------------------------------------
     0 | D        | sircluck the Troll Berserker began the quest for the Orb.
     0 | D        | Reached XP level 1. HP: 22/22 MP: 0/0
    11 | D        | Reached ** piety under Trog
    43 | D        | Reached skill level 4 in Unarmed Combat
    43 | D        | Reached XP level 2. HP: 28/31 MP: 1/1
    64 | D        | Noticed a water elemental
    87 | D        | Gained mutation: You occasionally lose the ability to read
                  | scrolls when taking damage. [potion of mutation]
    87 | D        | Gained mutation: You are partially covered in iridescent
                  | scales. (AC +2) [potion of mutation]
    87 | D        | Gained mutation: You have sharp toenails. [potion of
                  | mutation]
    88 | D        | Lost mutation: You have sharp toenails. [potion of
                  | mutation]
    88 | D        | Lost mutation: You occasionally lose the ability to read
                  | scrolls when taking damage. [potion of mutation]
    88 | D        | Lost mutation: You are partially covered in iridescent
                  | scales. (AC +2) [potion of mutation]
    88 | D        | Gained mutation: You occasionally lose the ability to drink
                  | potions when taking damage. [potion of mutation]
    88 | D        | Gained mutation: You have a pair of small horns on your
                  | head. [potion of mutation]
    88 | D        | Gained mutation: You are partially covered in iridescent
                  | scales. (AC +2) [potion of mutation]
    89 | D        | Lost mutation: You are partially covered in iridescent
                  | scales. (AC +2) [potion of mutation]
    89 | D        | Lost mutation: You occasionally lose the ability to drink
                  | potions when taking damage. [potion of mutation]
    89 | D        | Gained mutation: Your spells are a little easier to cast,
                  | but a little less powerful. [potion of mutation]
    89 | D        | Gained mutation: Your body sometimes deteriorates upon
                  | taking damage. [potion of mutation]
    89 | D        | Gained mutation: You passively map a small area around you.
                  | [potion of mutation]
   113 | D        | Mangled by a water elemental

Illustrated notes

Levels and vault maps discovered:
D:        dungeon_sprint_mu [sprint_mu_entry_forest, sprint_mu_temple_rooms,
          sprint_mu_d1_spiders, sprint_mu_d2_genie, sprint_mu_d3_branching,
          sprint_mu_orc_legion, sprint_mu_elf_gauntlet, sprint_mu_hive_nellie,
          sprint_mu_lair_fedhas, sprint_mu_vaults_butterflies,
          sprint_mu_slime_circle, sprint_mu_swamp_cave, sprint_mu_shoals_archi,
          sprint_mu_blade_basic, sprint_mu_crypt_fortress,
          sprint_mu_tomb_spiral, sprint_mu_vestibule_basic,
          sprint_mu_gehenna_hellfire, sprint_mu_dis_giant,
          sprint_mu_tartarus_statrot, sprint_mu_cocytus_islands, sprint_mu_zot1]

Skill      XL: |  1 |
---------------+----+-----
Fighting       | 3 |  3.7
Dodging        | 3 |  3.6
Unarmed Combat | 4 |  4.4

Action                     || total
---------------------------++-------
  Melee: Unarmed           ||    23
         Headbutt          ||     1
    Use: Potion            ||     3
 Armour: Animal skin       ||     9
  Dodge: Dodged            ||     8

Table legend: (Time is in decaauts)
 A = Elapsed time spent in this place.
 B = Non-inter-level travel time spent in this place.
 C = Inter-level travel time spent in this place.
 D = Time resting spent in this place.
 E = Time spent auto-exploring this place.
 F = Levels seen in this place.
 G = Mean time per level.
                   A        B        C        D        E       F      G
               +--------+--------+--------+--------+--------+-----+--------+
         Total |    111 |    101 |     10 |      0 |     47 |   1 |  111.0 |
       Dungeon |    111 |    101 |     10 |      0 |     47 |   1 |  111.0 |
               +--------+--------+--------+--------+--------+-----+--------+

Top non-repeatable levels by time:
       D: 111 daAuts
